 Dungeon Crawl Stone Soup version 0.17-a0-1632-g0af21bd (webtiles) character file.

34 MikeDS the Caller (level 3, -4/24 HPs)
             Began as a Human Summoner on Aug 3, 2015.
             Slain by an orc
             ... wielding a +0 hand axe
              (9 damage)
             ... on level 3 of the Dungeon.
             The game lasted 00:11:32 (2023 turns).

MikeDS the Caller (Human Summoner)                  Turns: 2023, Time: 00:11:33

Health: -4/24      AC:  3    Str:  8    XL:     3   Next: 50%
Magic:  6/6        EV:  7    Int: 16    God:
Gold:   72         SH:  0    Dex: 13    Spells: 3 memorised, 0 levels left

rFire  . . .     SeeInvis .     k - +0 dagger
rCold  . . .     Clarity  .     a - +0 robe
rNeg   . . .     SustAt   .     (no shield)
rPois  .         Gourm    .     (no helmet)
rElec  .         Spirit   .     q - +0 cloak
rCorr  .         Warding  .     (no gloves)
rMut   .         Stasis   .     (no boots)
MR     .....                    (no amulet)
Stlth  ++........               (no ring)
                                (no ring)

@: not resistant to hostile enchantments, unstealthy
A: no striking features
a: no special abilities


You were on level 3 of the Dungeon.
You were not hungry.

You visited 1 branch of the dungeon, and saw 3 of its levels.

You collected 72 gold pieces.

Inventory:

Hand weapons
 k - a +0 dagger (weapon)
Armour
 a - a +0 robe (worn)
 g - a +0 robe
 q - a +0 cloak (worn)
Jewellery
 d - an uncursed ring of see invisible {unknown}
 j - an uncursed amulet of rage {unknown}
 l - an uncursed ring of protection from magic {unknown}
 w - an uncursed amulet of the gourmand {unknown}
Scrolls
 e - a scroll of teleportation {unknown}
 n - a scroll of immolation {unknown}
 o - a scroll of recharging {unknown}
 s - a scroll of identify {unknown}
 t - a scroll of remove curse {unknown}
Potions
 f - a potion of cure mutation {unknown}
 h - a potion of agility {unknown}
 i - 2 potions of resistance {unknown}
 p - a potion of curing {unknown}
 r - 2 potions of might {unknown}
 v - a potion of ambrosia {unknown}
Books
 b - a book of Callings

   Spells                             Type                      Level
   a - Summon Small Mammal            Summoning                    1
   b - Call Imp                       Summoning                    2
   c - Call Canine Familiar           Summoning                    3
   d - Summon Guardian Golem          Hexes/Summoning              3
   e - Summon Lightning Spire         Summoning/Air                4
   f - Summon Ice Beast               Ice/Summoning                4
Comestibles
 c - a bread ration
 m - 6 fruits
 u - a meat ration


   Skills:
 + Level 1.2 Short Blades
 + Level 2.2 Dodging
 + Level 2.5 Stealth
 + Level 2.1 Spellcasting
 + Level 4.3 Summonings


You couldn't memorise any spells.
You knew the following spells:

 Your Spells              Type           Power        Failure   Level  Hunger
a - Summon Small Mammal   Summ           ###.         4%          1    #......
b - Call Imp              Summ           ###.....     8%          2    ###....
c - Call Canine Familiar  Summ           ###.....     12%         3    ###....


Dungeon Overview and Level Annotations

Branches:
Dungeon (3/15)

Altars:
The Shining One

Annotations:
D:3 Grinder


Message History

Found a scroll labeled IHIUP ASTRACK.
You closely miss the goblin. The goblin hits you.
You closely miss the goblin. The goblin hits you.
You hit the goblin.
The goblin is heavily wounded.
The goblin hits you but does no damage.
You hit the goblin.
You kill the goblin!
t - a scroll labeled IHIUP ASTRACK Done exploring.
There is a stone staircase leading down here.
You climb downwards.
Level annotation: Grinder Grinder misses you.
The orc hits you with a hand axe.
There is a stone staircase leading up here.
The orc shouts!
Grinder hits you!
You writhe in agony.
* * * LOW HITPOINT WARNING * * *
The orc hits you with a hand axe!
You die...

##. #..####
#...... #.#....
# ....... .# #
#......##.##..#
......o.5......
#......@.S...#
#.##..#...##.#
.... #...# #b#.
...o.# # #
#o.#.# #..#.#
.... . .### ##


You could see Grinder, an adder, 3 orcs and a bat.

Vanquished Creatures
  An ooze (D:2)
  2 worms (D:2)
  3 bats
  2 giant cockroaches
  A hobgoblin (D:1)
  A giant newt (D:1)
  6 goblins
  2 rats
18 creatures vanquished.

Vanquished Creatures (collateral kills)
  A worm (D:2)
  A giant gecko (D:1)
  2 hobgoblins
  A quokka (D:2)
  A kobold (D:1)
  3 rats
9 creatures vanquished.

Grand Total: 27 creatures vanquished

Notes
Turn   | Place    | Note
--------------------------------------------------------------
     0 | D:1      | MikeDS the Human Summoner began the quest for the Orb.
     0 | D:1      | Reached XP level 1. HP: 13/13 MP: 3/3
   367 | D:1      | Reached XP level 2. HP: 11/19 MP: 0/5
   393 | D:1      | Learned a level 2 spell: Call Imp
  1139 | D:3      | Noticed Grinder
  1322 | D:2      | Found a glowing golden altar of the Shining One.
  1380 | D:2      | Reached XP level 3. HP: 24/24 MP: 6/6
  1388 | D:2      | Learned a level 3 spell: Call Canine Familiar
  1454 | D:2      | Reached skill level 1 in Short Blades
  2023 | D:3      | Slain by an orc

Vault maps used:
D:1:      minmay_arrival_up_and_down, st_stairs_3, minmay_misc_feat_chi
D:2:      lemuel_crystal_altar
D:3:      zin_angel, old_standard_altar, fedhas_altar_2,
          grunt_temple_overflow_diamond, first_bread, uniq_robin, uniq_grinder

Action                   || total
-------------------------++-------
Melee: Club              ||    32
       Unarmed           ||     2
       Dagger            ||    39
 Cast: Summon Small Mamm ||    14
       Call Imp          ||     5
 Stab: Sleeping          ||     6
  Eat: Chunk             ||     3
       Fruit             ||     1
